AoeStats
← Cheonma

Arabia

506506424Analyzed
1v1 RM · 19d ago on Sep 13, 2026· 41m 2s· 2 players
Game mode
Random Map
Map size
Tiny (2 player)
Population
200
Speed
Normal
Resources
Standard
Victory
Conquest
Starting age
Dark Age
Ending age
Imperial Age
RankedLock teamsTeams togetherTeam positionsShared explorationLock speedFull tech treeHidden civsTurbo modeCheats
Victory
Defeat
🇦🇷 Japanese · Argentina
1117
+16
🇩🇪 Persians · Germany
1125
-16
Cheonma
5:59 Loom
10:55 Feudal Age
10:59 Man-at-Arms
12:30 Arson
18:11 Double-Bit Axe
21:51 Castle Age
19:47 Horse Collar
21:13 Gold Mining
21:55 Fletching
23:26 Bodkin Arrow
23:33 Padded Archer Armor
25:12 Gambesons
25:28 Squires
24:48 Long Swordsman
27:01 Wheelbarrow
27:53 Bow Saw
28:49 Leather Archer Armor
30:54 Thumb Ring
32:43 Ballistics
33:34 Heavy Plow
36:50 Hand Cart
37:35 Stone Mining
38:42 Gold Shaft Mining
38:49 Husbandry
38:59 Bloodlines
42:11 Imperial Age
The Diaper
6:19 Loom
8:47 Feudal Age
18:14 Wheelbarrow
23:23 Castle Age
21:23 Double-Bit Axe
22:36 Fletching
23:01 Horse Collar
23:14 Crossbowman
24:58 Bodkin Arrow
26:59 Padded Archer Armor
32:25 Bow Saw
Connection lost

Rejoining the realm…

Still unreachable

The connection could not be restored.

Session expired

The server has moved on; the page needs a fresh start.